 Dungeon Crawl Stone Soup version 0.31-a0-237-g2d982f9f85 (webtiles) character file.

Game seed: 11698470466593739184

333 HallandMoats the Trooper (level 6, -9/51 HPs)
             Began as a Demonspawn Fighter on July 11, 2023.
             Splashed by a jelly's acid (10 damage)
             ... in a sewer.
             The game lasted 00:05:01 (2935 turns).

HallandMoats the Trooper (Demonspawn Fighter)       Turns: 2935, Time: 00:05:02

Health: -9/51      AC: -5    Str: 18    XL:     6   Next: 27%
Magic:  6/6        EV:  9    Int: 15    God:
Gold:   91         SH:  5    Dex: 13    Spells: 5/5 levels left

rFire   . . .        a - +0 war axe
rCold   . . .        c - +0 buckler
rNeg    . . .        b - +0 scale mail
rPois   .            (no helmet)
rElec   .            (no cloak)
rCorr   .            (no gloves)
SInv    .            (no boots)
Will    .....        (no amulet) Stlth
                     (no ring)
HPRegen 0.28/turn    (no ring)
MPRegen 0.10/turn

%: wizardry (x1)
@: corroded, hasted, very quick
A: demonic guardian 1, big brain 3
a: no special abilities


You were in a sewer.
You visited 1 branch of the dungeon, and saw 3 of its levels.
You also visited: Sewer.

You collected 91 gold pieces.

Inventory:

Hand Weapons
 a - a +0 war axe (weapon)
Armour
 b - a +0 scale mail (worn)
 c - a +0 buckler (worn)
Jewellery
 d - an amulet of guardian spirit
Scrolls
 e - a scroll of enchant weapon {unknown}
 i - a scroll of revelation {unknown}
 k - a scroll of identify {unknown}
 l - a scroll of amnesia {unknown}
 m - a scroll of fog {unknown}
Potions
 f - 2 potions of haste
 g - 2 potions of curing {unknown}
 h - a potion of ambrosia {unknown}
 j - a potion of might


   Skills:
 * Level 5.0 Fighting
 * Level 4.1 Axes
 - Level 2.7 Armour
 + Level 3.6 Shields


You had 5 spell levels left.
You didn't know any spells.
Your spell library contained the following spells:

 Spells                   Type           Power      Damage    Failure   Level
 Shock                    Conj/Air       0%         1d3       38%         1
 Swiftness                Air            0%         N/A       75%         3
 Airstrike                Air            0%         2d(0-16)  98%         4


Dungeon Overview and Level Annotations

Branches:
Dungeon (3/15)              Sewer (1/1)

Altars:

Shops:
D:2 *


Innate Abilities, Weirdness & Mutations

A weak demonic guardian rushes to your aid.
You have an absolutely massive brain. (Int +6, Wiz)


Message History

A worm, a rat and a jelly come into view.
The jelly quivers.
There are monsters nearby!
There are monsters nearby!
A jelly comes into view.
Found 3 scrolls labelled QOLANU BOET.
The jelly quivers.
The jelly moves out of view.
The jelly hits you but does no damage.
You slash the jelly!
Your hands burn!
The jelly is heavily wounded.
The jelly hits you.
You are splashed with acid!
You slash the jelly!
You kill the jelly!
You closely miss the rat. The rat bites you but does no damage.
Your Fighting skill increases to level 5!
You hit the jelly. The acid corrodes you!
Your hands burn!
The jelly is lightly wounded.
You hit the rat.
You kill the rat!
The jelly hits you. The acid corrodes you!
You are splashed with acid!
A demonic guardian appears!
The jelly barely misses you.
You hit the jelly but do no damage.
Your hands burn!
The jelly is lightly wounded.
The jelly hits you. The acid corrodes you!
You are splashed with acid!
* * * LOW HITPOINT WARNING * * *
The jelly attacks as you move away! The jelly hits you.
* * * LOW HITPOINT WARNING * * *
The acid corrodes you!
You are splashed with acid!
* * * LOW HITPOINT WARNING * * *
Your shadow imp gestures at the jelly.
The jelly barely resists.
Your shadow imp splashes around in the water.
The worm bites your shadow imp but does no damage.
Your shadow imp hits the worm.
It was a potion of haste.
You feel yourself speed up.
Your shadow imp barely misses the worm.
The jelly hits you.
* * * LOW HITPOINT WARNING * * *
A demonic guardian appears!
You are splashed with acid!
You die...

#### #... #...#
##~~######
..~.~##~.~#...~## ##
#.~.#~.~..~..∩## ~.?
#.~~~...~##~.~# ~~~.
##.~..~~.~##..# .....
#~†..##~..#~.##~~~~.#
##.~~..##.##.~.~~~#
##~~.~@J5###...~~~##
###.~..##.~.5..~.####
##.~...####...w~.##
#.~...## ##~~####
#~††### #..# ##~.##
...~# #.~.# #..~##
#..## ##### #..#
##########


You could see a worm (ally target), a jelly (ally target), a friendly white imp
(summoned) and a friendly shadow imp (summoned).

Vanquished Creatures
  Sigmund (D:2)
  A jelly (Sewer)
  Jessica (D:2)
  2 adders
  A river rat (Sewer)
  2 worms
  3 dart slugs
  9 ball pythons
  8 endoplasms
  5 giant cockroaches
  2 goblins (D:2)
  4 hobgoblins
  A jackal (D:3)
  7 quokkas
  5 bats
  10 frilled lizards
  A kobold (D:1)
  11 rats
74 creatures vanquished.

Vanquished Creatures (collateral kills)
  An orc (D:2)
  An endoplasm (Sewer)
  A goblin (D:3)
  A jackal (D:3)
4 creatures vanquished.

Grand Total: 78 creatures vanquished

Notes
Turn   | Place    | Note
-------+----------+-------------------------------------------
     0 | D:1      | HallandMoats the Demonspawn Fighter began the quest for the
                  | Orb.
     0 | D:1      | Reached XP level 1. HP: 18/18 MP: 1/1
   130 | D:1      | Gained mutation: You have an unusually large brain. (Int
                  | +2) [demonic ancestry]
   130 | D:1      | Reached XP level 2. HP: 20/24 MP: 2/2
   207 | D:1      | Found a faded altar of an unknown god.
  1242 | D:2      | Noticed Jessica
  1255 | D:2      | Gained mutation: A weak demonic guardian rushes to your
                  | aid. [demonic ancestry]
  1255 | D:2      | Reached XP level 3. HP: 27/29 MP: 3/3
  1257 | D:2      | Killed Jessica
  1411 | D:2      | Gained mutation: You have an extremely huge brain. (Int +4)
                  | [demonic ancestry]
  1411 | D:2      | Reached XP level 4. HP: 31/37 MP: 4/4
  1611 | D:2      | Reached skill level 4 in Fighting
  1944 | D:2      | Noticed Sigmund
  2068 | D:2      | Killed Sigmund
  2069 | D:2      | Gained mutation: You have an absolutely massive brain. (Int
                  | +6, Wiz) [demonic ancestry]
  2069 | D:2      | Reached XP level 5. HP: 42/43 MP: 5/5
  2108 | D:2      | Found Myeh's General Store.
  2625 | D:3      | Found a glowing drain.
  2631 | D:3      | Reached XP level 6. HP: 44/50 MP: 6/6
  2642 | Sewer    | Entered a sewer
  2929 | Sewer    | Reached skill level 5 in Fighting
  2931 | Sewer    | HP: 1/51 [acid (7)]
  2935 | Sewer    | Splashed by a jelly's acid

Illustrated notes

Levels and vault maps discovered:
D:1:      minmay_arrival_five_plusses, layout_basic,
          hellmonk_ecumenical_altar_pennies_from_heaven, minmay_door_square
D:2:      layout_basic, serial_shops, nicolae_shop_window_shopping,
          chequers_serial_rivers_room_a, grunt_decor_resistance,
          minmay_misc_feat_ornament, minmay_pentomino_pile, uniq_jessica,
          uniq_sigmund
D:3:      layout_rooms, portal_sewer_entry_d
Sewer:    sewer_hellmonk_slimy_pipes

Skill      XL: |  1  2  3  4  5  6 |
---------------+-------------------+-----
Axes           | 2 3 4 |  4.1
Shields        | 3 |  3.6
Fighting       | 4 5 |  5.0
Armour         | |  2.7

Action                     |  1- 3 |  4- 6 || total
---------------------------+-------+-------++-------
  Melee: War axe           |    82 |   112 ||   194
    Use: Potion            |       |     2 ||     2
 Armour: Scale mail        |    45 |    61 ||   106
  Dodge: Dodged            |    40 |    69 ||   109
  Block: Buckler           |    28 |    29 ||    57

Table legend: (Time is in decaauts)
 A = Elapsed time spent in this place.
 B = Non-inter-level travel time spent in this place.
 C = Inter-level travel time spent in this place.
 D = Time resting spent in this place.
 E = Time spent auto-exploring this place.
 F = Levels seen in this place.
 G = Mean time per level.
                   A        B        C        D        E       F      G
               +--------+--------+--------+--------+--------+-----+--------+
         Total |   3023 |   2976 |     47 |    226 |   2075 |   4 |  755.8 |
       Dungeon |   2708 |   2661 |     47 |    100 |   2012 |   3 |  902.7 |
         Sewer |    315 |    315 |      0 |    126 |     63 |   1 |  315.0 |
               +--------+--------+--------+--------+--------+-----+--------+

Top non-repeatable levels by time:
     D:1: 1286 daAuts
     D:2: 1192 daAuts
   Sewer: 315 daAuts
     D:3: 228 daAuts
